 Dungeon Crawl Stone Soup version 0.28-a0-863-g8cecda6153 (webtiles) character file.

Game seed: 2309042121437585120

47 AvatarAndi78 the Skirmisher (level 3, -1/29 HPs)
             Began as a Demonspawn Abyssal Knight on Nov 18, 2021.
             Was a Follower of Lugonu.
             Slain by an orc priest (5 damage)
             ... on level 2 of the Dungeon.
             The game lasted 00:03:53 (1373 turns).

AvatarAndi78 the Skirmisher (DsAK)                  Turns: 1373, Time: 00:03:54

Health: -1/29      AC:  5    Str: 11 (14) XL:     3   Next: 48%
Magic:  5/5        EV: 10    Int:  9 (11) God:    Lugonu [*.....]
Gold:   42         SH:  0    Dex: 12 (13) Spells: 2/2 levels left

rFire   . . .      SeeInvis .   a - +1 hand axe
rCold   . . .      Faith    .   (no shield)
rNeg    . . .      Spirit   .   g - +0 ring mail
rPois   .          Reflect  .   (no helmet)
rElec   .          Harm     .   (no cloak)
rCorr   .          Rampage  .   (no gloves)
Will    .....                   (no boots)
Stlth   +.........              (no amulet)
HPRegen 0.09/turn               (no ring)
MPRegen 0.09/turn               (no ring)

@: no status effects
A: hooves 1, powered by death 1
a: Renounce Religion, Depart the Abyss


You were on level 2 of the Dungeon.
You worshipped Lugonu.
Lugonu was aware of your devotion.
You visited 1 branch of the dungeon, and saw 2 of its levels.
You visited the Abyss 1 time.

You collected 42 gold pieces.

Inventory:

Hand Weapons
 a - a +1 hand axe (weapon)
Missiles
 d - a boomerang of dispersal (quivered)
Armour
 g - a +0 ring mail (worn)
Scrolls
 b - a scroll of magic mapping


   Skills:
 + Level 3.5 Fighting
 + Level 2.5 Axes
 + Level 2.2 Armour
 + Level 1.0 Dodging
 + Level 2.6 Invocations


You had 2 spell levels left.
You didn't know any spells.
Your spell library was empty.

Dungeon Overview and Level Annotations

Branches:
Dungeon (2/15)

Altars:


Innate Abilities, Weirdness & Mutations

You have large cloven feet.
You regenerate a little health from kills.


Message History

Aim: an orc wizard, wielding a +0 dagger and wearing a +0 robe (50% to hit)
You throw a boomerang of dispersal. The orc priest shouts!
The boomerang of dispersal hits the orc wizard.
The orc wizard blinks!
You hear a shout!
The orc wizard gestures wildly while chanting.
The orc wizard flickers and vanishes!
The orc priest calls down the wrath of Beogh upon you.
Beogh smites you!
Ouch! That really hurt!
Throw: 2 boomerangs (disperse)
Press: ? - help, Q - select action, (/) - cycle Shift-Dir - straight line, f - orc priest
Aim: an orc priest, wielding a +0 hand axe and wearing a +0 leather armour (57% to hit)
You throw a boomerang of dispersal.
The boomerang of dispersal closely misses the orc priest.
You hit the orc priest. Your kick misses the orc priest.
The orc priest is heavily wounded.
An orc comes into view. It is wielding a +0 whip.
The orc priest looks encouraged for a moment.
You hit the orc priest but do no damage.
You kick the orc priest, but do no damage.
The orc priest is heavily wounded.
The orc priest closely misses you.
You hit the orc priest but do no damage.
Your kick misses the orc priest.
The orc priest is heavily wounded.
The orc priest calls down the wrath of Beogh upon you.
Pain shoots through your body!
* * * LOW HITPOINT WARNING * * *
The orc priest looks braver for a moment.
You hit the orc priest.
The orc priest is heavily wounded.
The orc priest barely misses you.
You closely miss the orc priest.
You kick the orc priest, but do no damage.
The orc priest is heavily wounded.
You hit something. Something hits you but does no damage.
The orc priest hits you with a +0 hand axe.
You die...

#.# #.#.###.####
#.###.#.# #.##
###.....#.###†.##
#...........(.#.#
#.#.........†..###
#.##.####.####....
#.##.# # # #####
#.##.# #@##.# ####
.......o##.# #...
#######.# .# #.##


#oo #.# .>. #######.## #..# .......>.# #{?. #######... ##.# #... #### You could
see an orc priest, an orc wizard and an orc.

Vanquished Creatures
  An adder (D:2)
  3 dart slugs (D:1)
  2 endoplasms (D:2)
  4 giant cockroaches
  2 goblins
  5 hobgoblins
  4 jackals (D:1)
  3 bats (D:1)
  A frilled lizard (D:1)
  3 rats (D:1)
28 creatures vanquished.

Vanquished Creatures (others)
  3 fungi (D:2)
  5 plants (D:2)
8 creatures vanquished.

Grand Total: 36 creatures vanquished

Notes
Turn   | Place    | Note
-------+----------+-------------------------------------------
     0 | Abyss:1  | AvatarAndi78 the Demonspawn Abyssal Knight began the quest
                  | for the Orb.
     0 | Abyss:1  | Reached XP level 1. HP: 18/18 MP: 2/2
    93 | Abyss:1  | Noticed a small abomination
    99 | Abyss:1  | Noticed a deep elf elementalist
   101 | Abyss:1  | Noticed an earth elemental
   101 | D:1      | Escaped the Abyss
   234 | D:1      | Gained mutation: You have large cloven feet. [demonic
                  | ancestry]
   234 | D:1      | Reached XP level 2. HP: 9/24 MP: 3/3
   406 | D:1      | Reached * piety under Lugonu
   545 | D:1      | Reached skill level 1 in Dodging
  1090 | D:1      | Gained mutation: You regenerate a little health from kills.
                  | [demonic ancestry]
  1090 | D:1      | Reached XP level 3. HP: 29/29 MP: 5/5
  1373 | D:2      | Slain by an orc priest

Illustrated notes

Levels and vault maps discovered:
D:1:      mainiacjoe_arrival_reflecting_pool, layout_loops_ring, minmay_cupped
D:2:      layout_loops_ring, dreamdust_ecumenical_altar_grove,
          kennysheep_generic_room_11, uniq_crazy_yiuf_cottage

Skill      XL: |  1  2 |
---------------+-------+-----
Axes           | 2 |  2.5
Dodging        | 1 |  1.0
Armour         | 2 |  2.2
Fighting       | |  3.5
Invocations    | |  2.6

Action                   || total
-------------------------++-------
Melee: Hand axe          ||    73
       Kick              ||    11
Throw: Boomerang         ||     3
Invok: Depart the Abyss  ||     1
  Use: Scroll            ||     4
       Potion            ||     2
Armor: Leather armour    ||    10
       Ring mail         ||    29
Dodge: Dodged            ||    43

Table legend: (Time is in decaauts)
 A = Elapsed time spent in this place.
 B = Non-inter-level travel time spent in this place.
 C = Inter-level travel time spent in this place.
 D = Time resting spent in this place.
 E = Time spent auto-exploring this place.
 F = Levels seen in this place.
 G = Mean time per level.
                   A        B        C        D        E       F      G
               +--------+--------+--------+--------+--------+-----+--------+
         Total |   1387 |   1374 |     13 |      0 |   1160 |   3 |  462.3 |
       Dungeon |   1286 |   1273 |     13 |      0 |   1071 |   2 |  643.0 |
         Abyss |    101 |    101 |      0 |      0 |     89 |   1 |  101.0 |
               +--------+--------+--------+--------+--------+-----+--------+

Top non-repeatable levels by time:
     D:1: 1073 daAuts
     D:2: 212 daAuts
 Abyss:1: 101 daAuts
